 Dungeon Sprint DCSS version 0.23-a0-650-ga4d50d4 (webtiles) character file.

8110 Leeroy the Fencer (level 11, -13/68 HPs)
             Began as a Barachi Ice Elementalist on Jan 5, 2019.
             Was the Champion of Qazlal.
             Killed from afar by an ophan (52 damage)
             ... with a bolt of fire
             ... in the Dungeon (Sprint V: "Ziggurat Sprint").
             The game lasted 00:18:34 (1013 turns).

Leeroy the Fencer (Barachi Ice Elementalist)        Turns: 1013, Time: 00:18:35

Health: -13/68     AC: 28    Str:  9    XL:     11   Next: 25%
Magic:  21/21      EV:  3    Int: 20    God:    Qazlal [******]
Gold:   0          SH: 32    Dex: 12    Spells: 4/14 levels left

rFire    + . .     SeeInvis .   J - +9 sword of Zonguldrok {reap}
rCold    . . .     Gourm    .   L - +18 shield of the Gong {rElec rN+ MR+ EV-5}
rNeg     + . .     Faith    .   K - +15 Maxwell's patent armour {-Cast -Tele rElec MR+ rCorr}
rPois    .         Spirit   .   (no helmet)
rElec    +         Reflect  .   (no cloak)
rCorr    +         Harm     .   (no gloves)
MR       ++...     NoTele   +   M - +1 pair of boots {Stlth+} Stlth ..........NoCast +
                                (no amulet)
HPRegen  0.21/turn              Q - +5 ring of evasion
MPRegen  0.17/turn              V - +5 ring of evasion

@: protected from fire, glowing, studying Short Blades, repel missiles, slow
A: +LOS, swims, slowness 1, strong legs 1
a: Hop, Upheaval, Elemental Force, Disaster Area, Renounce Religion


You were in the Dungeon.
You worshipped Qazlal.
Qazlal was exalted by your worship.
You were hungry.

You visited 1 branch

Inventory:

Hand Weapons
 H - the +7 Singing Sword {slice, sonic wave}
   (You found it in the Dungeon)

   It inflicts extra damage upon your enemies.
 I - the +11 plutonium sword {*Contam Stlth-}
   (You found it in the Dungeon)

   It causes magical contamination when unequipped.
   It makes you less stealthy.
 J - the +9 sword of Zonguldrok (weapon) {reap}
   (You found it in the Dungeon)

   If a monster killed with it leaves a corpse in good enough shape, the corpse
   will be animated as a zombie friendly to the killer.
 N - a +9 triple sword
Missiles
 z - 8 tomahawks (quivered)
Armour
 K - the +15 Maxwell's patent armour (worn) {-Cast -Tele rElec MR+ rCorr}
   (You found it in the Dungeon)

   It insulates you from electricity.
   It affects your resistance to hostile enchantments.
   It prevents spellcasting.
   It prevents most forms of teleportation.
   It provides partial protection from all sources of acid and corrosion.
 L - the +18 shield of the Gong (worn) {rElec rN+ MR+ EV-5}
   (You found it in the Dungeon)

   It affects your evasion (-5).
   It insulates you from electricity.
   It protects you from negative energy.
   It affects your resistance to hostile enchantments.
 M - a +1 pair of boots of stealth (worn)
 O - +5 fire dragon scales
 P - +5 ice dragon scales
Magical Staves
 A - an uncursed staff of energy
Jewellery
 l - an uncursed ring of protection from cold
 u - a +6 ring of dexterity
 v - a +6 ring of dexterity
 w - an uncursed ring of protection from cold
 x - a +6 ring of intelligence
 F - an uncursed ring of flight
 Q - a +5 ring of evasion (left hand)
 S - an uncursed amulet of guardian spirit
 T - an uncursed ring of resist corrosion
 V - a +5 ring of evasion (right hand)
 Z - an uncursed amulet of the acrobat
Wands
 C - a wand of disintegration (7)
 D - a wand of iceblast (6)
 E - a wand of acid (7)
Scrolls
 i - 4 scrolls of blinking
 o - 4 scrolls of amnesia
 p - 7 scrolls of fog
 q - a scroll of holy word
 r - 5 scrolls of identify
 s - 5 scrolls of remove curse
 t - 2 scrolls of fear
Potions
 b - 2 potions of brilliance
 d - 10 potions of curing
 e - 9 potions of heal wounds
 f - 6 potions of haste
 g - 7 potions of magic
 h - 3 potions of berserk rage
 j - 2 potions of invisibility
 k - 4 potions of resistance
 m - 6 potions of agility
 n - 5 potions of might
Books
 a - a manual of Short Blades
Miscellaneous
 y - 2 phantom mirrors
 B - a crystal ball of energy
 G - a lightning rod (4/4)
 R - a phial of floods
 U - a sack of spiders
 W - a phial of floods
 X - a box of beasts
 Y - a fan of gales
Comestibles
 c - 7 rations


   Skills:
 - Level 20.4 Long Blades
 + Level 3.6 Armour
 + Level 3.8 Dodging
 - Level 1.7 Stealth
 - Level 2.1 Spellcasting
 * Level 6.1 Conjurations
 - Level 9.7 Ice Magic
 * Level 14.6 Invocations


You had 4 spell levels left.
You knew the following spells:

 Your Spells              Type           Power        Failure   Level  Hunger
a - Freeze                Ice            ####         100%        1    #......
b - Venom Bolt            Conj/Pois      ##........   100%        5    ######.
c - Throw Icicle          Conj/Ice       ####....     100%        4    #####..

Your spell library contained the following spells:

 Spells                   Type           Power        Failure   Level  Hunger
 Animate Skeleton         Necr           N/A          100%        1    #......
 Beastly Appendage        Tmut           #.....       100%        1    #......
 Flame Tongue             Conj/Fire      ##...        100%        1    #......
 Infusion                 Chrm           #...         100%        1    #......
 Pain                     Necr           #...         100%        1    #......
 Sting                    Conj/Pois      ##..         100%        1    #......
 Poisonous Vapours        Pois/Air       #.....       100%        2    ##.....
 Shroud of Golubria       Chrm/Tloc      #.........   100%        2    ##.....
 Song of Slaying          Chrm           #.......     100%        2    ##.....
 Sticks to Snakes         Tmut           #.......     100%        2    ##.....
 Swiftness                Chrm/Air       #.......     100%        2    ##.....
 Throw Frost              Conj/Ice       ####..       100%        2    ##.....
 Conjure Flame            Conj/Fire      ##......     100%        3    ###....
 Ignite Poison            Fire/Tmut/Pois #.......     100%        3    ###....
 Mephitic Cloud           Conj/Pois/Air  ##......     100%        3    ###....
 Ozocubu's Armour         Chrm/Ice       ###.....     100%        3    ###....
 Regeneration             Chrm/Necr      #.........   100%        3    ###....
 Spectral Weapon          Hex/Chrm       #.......     100%        3    ###....
 Spider Form              Tmut/Pois      #.........   100%        3    ###....
 Stone Arrow              Conj/Erth      ##....       100%        3    ###....
 Vampiric Draining        Necr           #.........   100%        3    ###....
 Animate Dead             Necr           N/A          100%        4    #####..
 Cause Fear               Hex            #.........   100%        4    #####..
 Fulminant Prism          Conj/Hex       ##........   100%        4    #####..
 Ice Form                 Ice/Tmut       ###.....     100%        4    #####..
 Summon Ice Beast         Ice/Summ       ###.....     100%        4    #####..
 Blade Hands              Tmut           #.........   100%        5    ######.
 Bolt of Draining         Conj/Necr      ##........   100%        5    ######.
 Bolt of Magma            Conj/Fire/Erth ##........   100%        5    ######.
 Excruciating Wounds      Chrm/Necr      #.........   100%        5    ######.
 Fireball                 Conj/Fire      ##........   100%        5    ######.
 Iskenderun's Battlesphe  Conj/Chrm      ##......     100%        5    ######.
 Lee's Rapid Deconstruct  Erth           #.........   100%        5    ######.
 Silence                  Hex/Air        #.........   100%        5    ######.
 Yara's Violent Unravell  Hex/Tmut       #.........   100%        5    ######.
 Bolt of Fire             Conj/Fire      ##........   100%        6    #######
 Death Channel            Necr           #.........   100%        6    #######
 Deflect Missiles         Chrm/Air       #.........   100%        6    #######
 Freezing Cloud           Conj/Ice/Air   ###.......   100%        6    #######
 Iron Shot                Conj/Erth      ##........   100%        6    #######
 Poison Arrow             Conj/Pois      ##........   100%        6    #######
 Dragon Form              Tmut           #.........   100%        7    #######
 Malign Gateway           Summ/Tloc      #.........   100%        7    #######
 Orb of Destruction       Conj           ####......   100%        7    #######
 Ring of Flames           Chrm/Fire      #.........   100%        7    #######
 Spellforged Servitor     Conj/Summ      ##........   100%        7    #######
 Chain Lightning          Conj/Air       ##........   100%        8    #######
 Discord                  Hex            #.........   100%        8    #######
 Ignition                 Fire           #.........   100%        8    #######
 Lehudib's Crystal Spear  Conj/Erth      ##........   100%        8    #######
 Fire Storm               Conj/Fire      ##........   100%        9    #######
 Glaciate                 Conj/Ice       ####......   100%        9    #######


Dungeon Overview and Level Annotations

Branches:
Dungeon (1/1)

Altars:
Ashenzari
Cheibriados
Dithmenos
Elyvilon
Fedhas
Gozag
Hepliaklqana
Kikubaaqudgha
Makhleb
Nemelex Xobeh
Okawaru
Qazlal
Ru
Sif Muna
Trog
Uskayaw
Vehumet
Wu Jian
Xom
Yredelemnul
Zin
The Shining One
Beogh
Jiyva
Lugonu

Annotations:
D 1 transporter


Innate Abilities, Weirdness & Mutations

Shadows flee at your approach. (+LOS)
You can swim through water.
You cover ground slowly.
You can hop short distances.


Message History

Unknown command.
Press: ? - help, v - describe, . - travel The floor.
This square is lit by a halo.
There is a cloud of blessed fire here.
You miss the angel.
The angel is lightly wounded.
You block the angel's attack.
GONNNNG!
You block the angel's attack.
GONNNNG!
The apis is struck by lightning.
You block the apis's attack.
GONNNNG!
The ophan is engulfed in blazing flames.
The ophan harnesses the cleansing power of fire!
The bolt of fire hits you!
Your resistance to physical damage fades away.
You feel protected from fire.
Ouch! That really hurt!
You die...

▓▓▓▓▓▓▓▓▓▓▓▓▓▓▓▓▓▓▓▓
▓...8©8...▓...8©8...
▓..|[:|:).▓..|}|....
▓..:)"::..▓..=).=...
▓.........▓.........
▓..§..§...▓.........
▓○§§DA....▓.........
▓.GYA°§...▓.........
▓..@.§....▓.........
▓.▓§§...▓.▓.........
▓....°....▓....©....
▓▓▓▓▓▓▓▓▓▓▓▓▓▓▓▓▓▓▓▓


You could see an apis, a pearl dragon, an angel, an ophan and a cherub.

Vanquished Creatures
  2 vault guards (D)
  An ice dragon (D)
  A deep elf archer (D)
  A cyclops (D)
  4 toenail golems (D)
  2 yaktaurs (D)
  An ice devil (D)
  2 merfolk (D)
  3 hippogriffs (D)
  A flying skull (D)
  A wraith (D)
  A chaos spawn (D)
  A naga (D)
  5 hell hounds (D)
  An ice beast (D)
  4 orc warriors (D)
  A centaur (D)
  3 quasits (D)
  2 orc priests (D)
  7 orc wizards (D)
  An iron imp (D)
  2 adders (D)
  A shadow imp (D)
  4 white imps (D)
  An ufetubus (D)
  An adder skeleton (D)
  An adder zombie (D)
  An adder simulacrum (D)
  2 orcs (D)
  2 bat skeletons (D)
  A bat simulacrum (D)
  A giant cockroach simulacrum (D)
  A giant cockroach zombie (D)
63 creatures vanquished.

Vanquished Creatures (others)
  A shadow imp (D)
1 creature vanquished.

Grand Total: 64 creatures vanquished

Notes
Turn   | Place    | Note
-------+----------+-------------------------------------------
     0 | D        | Found the +6 Majin-Bo {vamp, Archmagi MP+6 Int+6}
     0 | D        | Found the +7 great mace "Firestarter" {inner flame, rF++}
     0 | D        | Leeroy the Barachi Ice Elementalist began the quest for the
                  | Orb.
     0 | D        | Reached XP level 1. HP: 13/13 MP: 3/3
     0 | D        | Found a transporter.
     0 | D        | Found an ancient bone altar of Kikubaaqudgha.
     0 | D        | Found a viscous altar of Jiyva.
     0 | D        | Found a corrupted altar of Lugonu.
     0 | D        | Found a hazy altar of Hepliaklqana.
     0 | D        | Found a burning altar of Makhleb.
     0 | D        | Found an opulent altar of Gozag.
    26 | D        | Found the +6 shillelagh "Devastator" {shatter}
    26 | D        | Found the +11 plutonium sword {*Contam Stlth-}
    26 | D        | Found the +8 lance "Wyrmbane" {slay drac, rPois rF+ rC+
                  | AC+3}
    26 | D        | Found the +9 sword of Zonguldrok {reap}
    26 | D        | Found the cursed +13 scythe of Curses {drain, *Curse}
    26 | D        | Found the +0 sword of Power
    26 | D        | Found the +7 mace of Variability {chain chaos}
    26 | D        | Found the +7 Singing Sword {slice, sonic wave}
    26 | D        | Found the +7 longbow "Piercer" {penet, EV-2}
    28 | D        | Found the +9 heavy crossbow "Sniper" {velocity, Acc+∞ SInv}
    28 | D        | Found the +10 dark maul {crush}
    28 | D        | Found the +15 Maxwell's patent armour {-Cast -Tele rElec
                  | MR+ rCorr}
    28 | D        | Found the +18 shield of the Gong {rElec rN+ MR+ EV-5}
    28 | D        | Found the cursed +14 obsidian axe {chop, +Fly SInv *Curse}
    59 | D        | Became a worshipper of Qazlal Stormbringer
    91 | D        | Reached skill level 8 in Long Blades
    91 | D        | Reached XP level 2. HP: 19/19 MP: 5/5
   109 | D        | Entered arena 2.
   109 | D        | Found a transporter.
   121 | D        | Entered arena 3.
   121 | D        | Noticed a naga
   121 | D        | Found a transporter.
   123 | D        | Reached * piety under Qazlal
   123 | D        | Reached skill level 9 in Long Blades
   126 | D        | Killed a naga
   126 | D        | Reached skill level 12 in Long Blades
   126 | D        | Reached XP level 3. HP: 24/24 MP: 6/6
   126 | D        | Reached XP level 4. HP: 30/30 MP: 7/7
   126 | D        | Reached XP level 5. HP: 35/35 MP: 8/8
   151 | D        | Entered arena 4.
   151 | D        | Noticed a toenail golem
   151 | D        | Noticed a toenail golem
   151 | D        | Noticed a toenail golem
   151 | D        | Noticed a toenail golem
   151 | D        | Found a transporter.
   161 | D        | Killed a toenail golem
   161 | D        | Reached ** piety under Qazlal
   161 | D        | Reached skill level 16 in Long Blades
   161 | D        | Reached XP level 6. HP: 34/41 MP: 9/9
   161 | D        | Reached XP level 7. HP: 38/46 MP: 10/10
   163 | D        | Killed a toenail golem
   163 | D        | Reached skill level 18 in Long Blades
   163 | D        | Reached XP level 8. HP: 44/52 MP: 11/11
   164 | D        | Killed a toenail golem
   164 | D        | Reached skill level 19 in Long Blades
   168 | D        | Killed a toenail golem
   168 | D        | Reached skill level 5 in Invocations
   182 | D        | Learned a level 5 spell: Venom Bolt
   186 | D        | Entered arena 5.
   186 | D        | Found a transporter.
   188 | D        | Reached *** piety under Qazlal
   195 | D        | Reached **** piety under Qazlal
   195 | D        | Reached XP level 9. HP: 54/57 MP: 13/13
   209 | D        | Entered arena 6.
   209 | D        | Found a transporter.
   217 | D        | Reached ***** piety under Qazlal
   244 | D        | Entered arena 7.
   244 | D        | Noticed a yaktaur
   244 | D        | Noticed a yaktaur
   244 | D        | Noticed a vault guard
   244 | D        | Noticed a deep elf archer
   244 | D        | Noticed a vault guard
   244 | D        | Found a transporter.
   245 | D        | Found the +3 robe of Folly {Archmagi, MR-- Int+5}
   255 | D        | Killed a yaktaur
   255 | D        | Reached skill level 20 in Long Blades
   256 | D        | Killed a yaktaur
   259 | D        | Killed a vault guard
   259 | D        | Reached skill level 10 in Invocations
   266 | D        | Killed a vault guard
   266 | D        | Reached XP level 10. HP: 39/63 MP: 15/19
   269 | D        | Killed a deep elf archer
   308 | D        | Got Estuogia's Grimoire of Augmentations
   310 | D        | Got Sif Muna's Disquisition on Harmful Translocation
   340 | D        | Learned a level 4 spell: Throw Icicle
   340 | D        | Entered arena 8.
   340 | D        | Found a transporter.
   341 | D        | Reached ****** piety under Qazlal
   358 | D        | Got the Grimoire of Igneous Confrontation
   381 | D        | Entered arena 9.
   381 | D        | Noticed a cyclops
   381 | D        | Found a transporter.
   382 | D        | Found the amulet of the Air {Inacc +Fly rElec EV+5 RMsl}
   392 | D        | Reached skill level 5 in Conjurations
   396 | D        | Killed a cyclops
   526 | D        | Entered arena 10.
   526 | D        | Found a transporter.
   528 | D        | Reached skill level 5 in Ice Magic
   557 | D        | Got Xueskucy's Catalogue of the Gliding Rocks
   733 | D        | Entered arena 11.
   733 | D        | Found a transporter.
   734 | D        | Identified the +11 quarterstaff "Geesm" {elec, rN++ Str-5
                  | Int+2}
   734 | D        | Reached XP level 11. HP: 68/68 MP: 21/21
   737 | D        | Reached skill level 1 in Armour
   773 | D        | Entered arena 12.
   773 | D        | Noticed an ice dragon
   774 | D        | Found a transporter.
   782 | D        | Killed an ice dragon
   799 | D        | Got the Incunabulum of the Mutagenic Volcanoes
   802 | D        | Got the Disquisition on Venomous Sinister Rituals
  1007 | D        | Entered arena 13.
  1007 | D        | Noticed an apis
  1007 | D        | Noticed a cherub
  1007 | D        | Noticed an angel
  1007 | D        | Noticed a pearl dragon
  1007 | D        | Noticed an ophan
  1008 | D        | Found a transporter.
  1013 | D        | Killed from afar by an ophan

Vault maps used:
D:        sprint_v

Skill      XL: |  1  2  3  4  5  6  7  8  9 10 11 |
---------------+----------------------------------+-----
Long Blades    | 8 12 16 18 19 20 | 20.4
Invocations    | 6 12 14 | 14.6
Conjurations   | 6 |  6.1
Ice Magic      | 7 9 |  9.7
Armour         | 3 |  3.6
Dodging        | 3 |  3.8
Stealth        | |  1.7
Spellcasting   | |  2.1

Action                   |  1- 3 |  4- 6 |  7- 9 | 10-12 || total
-------------------------+-------+-------+-------+-------++-------
Melee: Demon blade       |     6 |     4 |       |       ||    10
       Double sword      |       |     7 |    44 |    53 ||   104
Invok: Upheaval          |       |       |       |     5 ||     5
Evoke: Lightning rod     |     2 |     1 |     3 |     7 ||    13
       Wand              |       |     1 |       |       ||     1
  Use: Potion            |     1 |       |       |     1 ||     2
       Scroll            |       |       |       |     4 ||     4
Armor: Plate armour      |     1 |     3 |    13 |    23 ||    40
Dodge: Dodged            |       |       |     3 |     3 ||     6
       Deflected         |       |       |       |     1 ||     1
Block: Shield            |     2 |    17 |    50 |    84 ||   153

Table legend:
 A = Non-vault XP
 B = Vault XP
 C = Vault XP percentage of total XP
 D = Non-vault monster count
 E = Vault monster count
 F = Vault count percentage of total count
                 A         B        C        D         E       F
            +---------+---------+-------+---------+---------+-------
      Total |       0 |   11576 | 100.0 |       0 |      64 | 100.0
            +---------+---------+-------+---------+---------+-------
          D |       0 |   11576 | 100.0 |       0 |      64 | 100.0
            +---------+---------+-------+---------+---------+-------
